 Dungeon Crawl Stone Soup version 0.21-a0-461-g2470eb2 (webtiles) character file.

375 Dysjunc the Cudgeler (level 6, -5/48 HPs)
             Began as a Demonspawn Gladiator on Nov 20, 2017.
             Splashed by a jelly's acid (10 damage)
             ... on level 5 of the Dungeon.
             The game lasted 00:12:18 (4162 turns).

Dysjunc the Cudgeler (Demonspawn Gladiator)         Turns: 4162, Time: 00:12:18

Health: -5/48      AC: -5    Str: 12 (14) XL:     6   Next: 44%
Magic:  6/6        EV: 10    Int:  6 (9)  God:
Gold:   218        SH:  0    Dex: 15 (17) Spells: 5/5 levels left

rFire    . . .     SeeInvis .   a - +1 flail
rCold    . . .     Gourm    .   (no shield)
rNeg     . . .     Faith    .   l - +0 scale mail
rPois    .         Spirit   .   (helmet restricted)
rElec    .         Reflect  .   (no cloak)
rCorr    .         Harm     .   (no gloves)
MR       .....                  y - +0 pair of boots
Stlth    ..........             (no amulet)
HPRegen  0.16/turn              (no ring)
MPRegen  0.10/turn              (no ring)

@: corroded
A: horns 1, rot immunity
a: no special abilities


You were on level 5 of the Dungeon.
You were hungry.

You visited 1 branch of the dungeon, and saw 5 of its levels.
You also visited: Sewer.

You collected 218 gold pieces.

Inventory:

Hand Weapons
 a - a +1 flail (weapon)
Missiles
 g - 79 stones (quivered)
Armour
 b - a +0 leather armour
 c - a +0 helmet
 l - a +0 scale mail (worn)
 v - a +0 shield
 y - a +0 pair of boots (worn)
Wands
 p - a wand of digging (15)
Scrolls
 d - a scroll of identify
 e - a scroll of blinking
 j - 5 scrolls of teleportation
Potions
 i - 4 potions of heal wounds
 k - 3 potions of curing
 n - a potion of berserk rage
 o - a potion of haste
 u - a potion of flight
 w - a potion of magic
Comestibles
 f - 2 bread rations
 h - 4 fruits
 q - 3 meat rations
 z - 3 royal jellies


   Skills:
 + Level 3.8 Fighting
 * Level 5.0 Maces & Flails
 - Level 2.0 Throwing
 + Level 4.0 Dodging


You had 5 spell levels left.
You didn't know any spells.

Dungeon Overview and Level Annotations

Branches:
Dungeon (5/15)
 Temple: D:4-7

Altars:
Ashenzari
Zin

Shops:
D:4 =


Innate Abilities, Weirdness & Mutations

You have a pair of small horns on your head.
You are immune to rotting.


Message History

You headbutt the jelly, but do no damage.
The jelly is heavily wounded.
The jelly closely misses you.
You hit the jelly.
Your hands burn!
The jelly is almost dead.
The jelly barely misses you. x2
You hit the jelly but do no damage.
Your hands burn!
The jelly is severely wounded.
The jelly hits you.
You are splashed with acid!
The acid burns!
You hit the jelly.
Your hands burn!
The jelly is almost dead.
The jelly hits you.
You are splashed with acid!
The acid burns!
* * * LOW HITPOINT WARNING * * *
You hit the jelly but do no damage.
Your hands burn!
* * * LOW HITPOINT WARNING * * *
The jelly is almost dead.
The jelly hits you.
* * * LOW HITPOINT WARNING * * *
The acid corrodes you!
You are splashed with acid!
The acid burns!
You die...

....## ...
....###..#
#....#...##
##.........#
#.........
####.......
#......J.#
.......@#
........##
.......<.#
.........#
#........#
#.........
#...)......
........####
.####..##


You could see a jelly.

Vanquished Creatures
  A water moccasin (D:5)
  Purgy (Sewer)
  A centaur zombie (D:2)
  4 adders
  A river rat (D:4)
  An ooze (D:1)
  A worm (D:2)
  2 leopard geckos
  6 orcs
  13 bats
  5 giant cockroaches
  10 goblins
  12 hobgoblins
  3 ball pythons
  10 frilled lizards
  7 kobolds
  8 rats
86 creatures vanquished.

Notes
Turn   | Place    | Note
-------+----------+-------------------------------------------
     0 | D:1      | Dysjunc the Demonspawn Gladiator began the quest for the Orb.
     0 | D:1      | Reached XP level 1. HP: 16/16 MP: 1/1
    92 | D:1      | Gained mutation: You have a pair of small horns on your head. [demonic ancestry]
    92 | D:1      | Reached XP level 2. HP: 15/22 MP: 2/2
   277 | D:1      | Reached skill level 3 in Maces & Flails
   746 | D:1      | Gained mutation: You are immune to rotting. [demonic ancestry]
   746 | D:1      | Reached XP level 3. HP: 25/28 MP: 3/3
  1755 | D:2      | Reached XP level 4. HP: 27/34 MP: 4/4
  2255 | D:2      | Reached skill level 4 in Maces & Flails
  2454 | D:3      | Reached XP level 5. HP: 41/41 MP: 5/5
  2724 | D:3      | Found a shattered altar of Ashenzari.
  2894 | D:4      | Found a glowing drain.
  3067 | Sewer    | Entered a sewer
  3187 | Sewer    | Noticed Purgy
  3214 | Sewer    | Killed Purgy
  3725 | D:4      | Found Zotriokite's Jewellery Emporium.
  3744 | D:4      | Found a glowing silver altar of Zin.
  3766 | D:4      | Reached XP level 6. HP: 43/47 MP: 6/6
  4142 | D:5      | Entered Level 5 of the Dungeon
  4144 | D:5      | Noticed a water moccasin
  4156 | D:5      | Killed a water moccasin
  4156 | D:5      | Reached skill level 5 in Maces & Flails
  4162 | D:5      | Splashed by a jelly's acid

Vault maps used:
D:1:      onia_arrival_mini_maze, minmay_fountain_box, minmay_circled_x
D:2:      minmay_misc_feat_more_columns
D:3:      first_bread, kennysheep_small_spiral, kennysheep_cluttered_room,
          ashenzari_altar_1
D:4:      lemuel_round_altar, serial_shops, shop, portal_sewer_entry_c
D:5:      serial_shops, shop, makhleb_blood_cavern_becter
Sewer:    sewer_co_purgy_island

Skill      XL: |  1  2  3  4  5  6 |
---------------+-------------------+-----
Throwing       | 2 |  2.0
Maces & Flails | 3 4 5 |  5.0
Dodging        | 3 4 |  4.0
Fighting       | 3 |  3.8

Action                   |  1- 3 |  4- 6 || total
-------------------------+-------+-------++-------
Melee: Flail             |   178 |   137 ||   315
       Headbutt          |    23 |    20 ||    43
Throw: Throwing net      |       |     3 ||     3
  Use: Potion            |       |    12 ||    12
       Scroll            |       |     7 ||     7
  Eat: Chunk             |     3 |     7 ||    10
Armor: Leather armour    |    42 |       ||    42
       Scale mail        |    49 |    75 ||   124
Dodge: Dodged            |   139 |   123 ||   262

Table legend:
 A = Spawn XP
 B = Non-spawn XP
 C = Spawn XP percentage of total XP
 D = Spawn monster count
 E = Non-spawn monster count
 F = Spawn count percentage of total count
 G = Total turns spent on level
                    A         B        C        D         E        F      G
               +---------+---------+-------+---------+---------+-------+---------
         Total |       0 |     536 |   0.0 |       0 |      86 |   0.0 |  4162
               +---------+---------+-------+---------+---------+-------+---------
           D:1 |       0 |      49 |   0.0 |       0 |      27 |   0.0 |  1158
           D:2 |       0 |     102 |   0.0 |       0 |      28 |   0.0 |  1010
           D:3 |       0 |      51 |   0.0 |       0 |      16 |   0.0 |   693
           D:4 |       0 |      31 |   0.0 |       0 |       5 |   0.0 |   699
           D:5 |       0 |     145 |   0.0 |       0 |       1 |   0.0 |    20
         Sewer |       0 |     158 |   0.0 |       0 |       9 |   0.0 |   582
               +---------+---------+-------+---------+---------+-------+---------
